Map: Blackpink LE

Players

llllllllllll - Winner!

  • Race: Zerg Zerg
  • League: Master
  • Spawn Location: 1:00

A.I. 2 (Very Easy)

  • Race: Terran Terran
  • Spawn Location: 7:00

VOD

Have the link to the VOD?

Description

Time

  • Played on: April 6, 2018, 10:16 a.m.
  • Length: 6:17
Show
View Real Time Build Order
Export as new Build Order

llllllllllll Zerg - Winner!

Build Orders: Hatch First 

Get SALT Encoding   

  12  0:00  Drone  
  13  0:12  Overlord  
  13  0:18  Drone  
  14  0:31  Drone x2  
  14  0:34  Drone  
  17  0:52  Hatchery  
  17  0:55  Drone  
  17  0:58  Drone  
  17  1:01  Extractor  
  17  1:14  Spawning Pool  
  17  1:17  Drone  
  17  1:20  Drone  
  18  1:28  Drone  
  19  1:39  Overlord  
  19  1:52  Drone  
  20  2:00  Metabolic Boost  
  20  2:01  Queen  
  20  2:04  Queen  
  20  2:05  Zergling x2  
  25  2:08  Zergling x2  
  25  2:12  Zergling x2  
  25  2:15  Drone  
  28  2:22  Drone  
  29  2:26  Drone  
  30  2:37  Queen  
  30  2:40  Queen  
  30  2:42  Overlord  
  34  2:45  Overlord  
  34  2:50  Drone x2  
  36  3:06  Hatchery  
  36  3:09  Drone x2  
  37  3:14  Drone x2  
  39  3:20  Drone x3  
  39  3:22  Drone  
  39  3:26  Drone  
  44  3:27  Drone  
  44  3:31  Extractor  
  44  3:40  Roach Warren  
  43  3:42  Overlord  
  43  3:44  Overlord  
  43  3:48  Overlord  
  43  4:22  Roach  
  43  4:23  Roach x10  
  43  4:24  Roach  
  67  4:30  Zergling x6  
  70  4:31  Zergling x2  
  70  4:36  Zergling x4  
  73  4:40  Zergling x2  
  74  4:48  Overlord x2  
  74  5:10  Ravager x3  
  74  5:13  Drone x6  
  74  5:14  Drone x5  
  88  5:24  Extractor  
  88  5:26  Extractor  
  88  5:27  Overlord x2  
  86  5:39  Drone x3  
  86  5:40  Drone  
  90  5:47  Drone  
  90  5:48  Drone x6  
  97  5:52  Drone x2  
Show
View Real Time Build Order
Export as new Build Order

A.I. 2 (Very Easy) Terran 

Build Orders: Reaper Expand 

Get SALT Encoding   

  12  0:00  SCV  
  13  0:13  SCV  
  14  0:18  Supply Depot  
  14  0:42  Barracks  
  14  1:04  Command Center  
  14  1:30  Orbital Command, Supply Depot  
  14  1:31  Marine  
  15  1:37  Refinery  
  15  1:48  Refinery  
  15  1:56  SCV  
  16  2:08  SCV  
  17  2:17  Reaper  
  17  2:20  SCV  
  17  2:22  SCV  
  20  2:32  SCV  
  20  2:36  SCV  
  22  2:45  SCV  
  22  2:51  SCV  
  24  2:52  Refinery  
  24  2:57  Marine  
  24  2:58  SCV  
  26  3:05  SCV  
  27  3:12  SCV  
  28  3:19  SCV  
  29  3:25  Factory  
  29  3:26  SCV  
  30  3:38  Marine  
  31  3:45  SCV  
  32  3:53  SCV  
  33  3:56  Supply Depot  
  33  4:00  SCV  
  34  4:07  SCV  
  35  4:13  Starport  
  35  4:14  SCV  
  36  4:19  Barracks Tech Lab  
  36  4:21  SCV  
  37  4:28  SCV  
  38  4:31  Supply Depot  
  38  4:36  SCV  
  38  4:37  Reaper  
  40  4:43  SCV  
  41  4:47  Refinery  
  41  4:50  Starport Tech Lab, SCV  
  42  4:57  SCV  
  42  5:04  SCV  
  43  5:09  Raven  
  43  5:12  SCV  
  46  5:17  Marine  
  46  5:19  SCV  
  47  5:25  Supply Depot  
  43  5:34  SCV  
  28  5:46  Hellion, SCV  
  28  5:58  SCV  
Tags
 
Add a new tag
Caveats
  • Supply blocks, unpowered buildings, or Contaminate may cause inaccurate times.
  • Supply counts are checked every 10 seconds.